 Dungeon Crawl Stone Soup version 0.29.1-12-g30fa7ad0bf (webtiles) character file.

Game seed: 304859196029364605

7 Rrauwl the Caller (level 2, -2/19 HPs)
             Began as a Barachi Summoner on Dec 22, 2022.
             Slain by an adder (3 damage)
             ... on level 2 of the Dungeon on Dec 23, 2022.
             The game lasted 00:03:28 (1232 turns).

Rrauwl the Caller (Barachi Summoner)                Turns: 1232, Time: 00:03:29

Health: -2/19      AC:  2    Str:  9    XL:     2   Next: 0%
Magic:  3/5        EV: 12    Int: 15    God:
Gold:   67         SH:  0    Dex: 12    Spells: 4/5 levels left

rFire   . . .      SeeInvis .   (no weapon)
rCold   . . .      Faith    .   (no shield)
rNeg    . . .      Spirit   .   a - +0 robe
rPois   .          Reflect  .   (no helmet)
rElec   .          Harm     .   (no cloak)
rCorr   .          Rampage  .   (no gloves)
Will    .....                   (no boots)
Stlth   ++........              (no amulet)
HPRegen 0.06/turn               (no ring)
MPRegen 0.09/turn               (no ring)

@: lethally poisoned (-2 -> -11), slow
A: amphibious, slowness 1, strong legs 1, +LOS
a: Hop


You were on level 2 of the Dungeon.
You visited 1 branch of the dungeon, and saw 2 of its levels.

You collected 67 gold pieces.

Inventory:

Armour
 a - a +0 robe (worn)
Scrolls
 c - a scroll of identify
 d - a scroll of immolation
Potions
 b - a potion of magic


   Skills:
 + Level 2.3 Dodging
 - Level 2.0 Stealth
 + Level 2.3 Spellcasting
 + Level 5.0 Summonings


You had 4 spell levels left.
You knew the following spells:

 Your Spells              Type           Power      Damage    Failure   Level
a - Summon Small Mammal   Summ           64%        N/A       2%          1

Your spell library contained the following spells:

 Spells                   Type           Power      Damage    Failure   Level
 Call Imp                 Summ           16%        N/A       4%          2
 Call Canine Familiar     Summ           16%        N/A       9%          3
 Apportation              Tloc           2%         N/A       22%         1
 Summon Guardian Golem    Hex/Summ       9%         N/A       22%         3
 Gell's Gravitas          Tloc           1%         N/A       54%         3
 Lesser Beckoning         Tloc           1%         N/A       54%         3
 Teleport Other           Tloc           1%         N/A       54%         3
 Summon Lightning Spire   Summ/Air       9%         N/A       58%         4
 Alistair's Intoxication  Tmut/Pois      0%         N/A       99%         5


Dungeon Overview and Level Annotations

Branches:
Dungeon (2/15)

Altars:


Innate Abilities, Weirdness & Mutations

You are amphibious.
You cover ground slowly.
You can hop short distances.
You have an extended range of vision and can be seen from far away.


Message History

The adder is heavily wounded.
You feel sick.
Your bat closely misses the adder.
Your bat misses the adder. The adder bites you but does no damage.
Your quokka misses the adder. The adder bites you.
You are lethally poisoned!
The adder poisons you!
Okay, then.
You aren't carrying any items that you can evoke.
Casting: Summon Small Mammal (safe; 2% risk of failure)
Press: ? - help, Q - select action, (/) - cycle Dir - look around, f - activate
Okay, then.
Throw: 2 throwing nets
Press: ? - help, Shift-Dir - straight line, f - adder
Aim: an adder (heavily wounded, ally target, 35% to hit)
You throw a throwing net.
The throwing net barely misses the adder.
The throwing net hits the hobgoblin.
The hobgoblin is caught in the net!
The hobgoblin is severely wounded.
You feel sick.
Your bat hits the adder but does no damage.
Your quokka bites the adder but does no damage.
The hobgoblin struggles against the net.
Your bat hits the hobgoblin but does no damage.
The adder bites you.
* * * LOW HITPOINT WARNING * * *
You are more poisoned.
The adder poisons you!
Throw: throwing net
Press: ? - help, Shift-Dir - straight line, f/p - adder
Aim: an adder (heavily wounded, ally target, 35% to hit)
You throw a throwing net. The throwing net misses the adder.
The throwing net barely misses the hobgoblin.
* * * LOW HITPOINT WARNING * * *
You feel very sick.
Your bat barely misses the adder.
Your bat hits the hobgoblin but does no damage.
Your quokka bites the adder.
The hobgoblin struggles against the net.
The adder bites you.
You die...

### #.. #####.#
...#.# ####r#.#####
#..@Sg....(#
.......##b#.........
##...# #.#####.####
#.....###.# #
##.......<#
##.#######


You could see an adder (ally target), a hobgoblin (caught), a friendly quokka
(summoned) and a friendly bat (summoned).

Vanquished Creatures
  A ball python (D:1)
  A bat (D:1)
  A goblin (D:1)
  A rat (D:1)
4 creatures vanquished.

Vanquished Creatures (collateral kills)
  A giant cockroach (D:1)
  A ball python (D:1)
  A bat (D:1)
  A rat (D:1)
4 creatures vanquished.

Grand Total: 8 creatures vanquished

Notes
Turn   | Place    | Note
-------+----------+-------------------------------------------
     0 | D:1      | Rrauwl the Barachi Summoner began the quest for the Orb.
     0 | D:1      | Reached XP level 1. HP: 13/13 MP: 3/3
  1057 | D:1      | Reached skill level 5 in Summonings
  1057 | D:1      | Reached XP level 2. HP: 16/19 MP: 3/5
  1232 | D:2      | Slain by an adder

Illustrated notes

Levels and vault maps discovered:
D:1:      minmay_arrival_stone_box, layout_loops_ring
D:2:      layout_loops_corners

Skill      XL: |  1 |
---------------+----+-----
Stealth        | 2 |  2.0
Summonings     | 5 |  5.0
Dodging        | |  2.3
Spellcasting   | |  2.3

Action                   || total
-------------------------++-------
Melee: Unarmed           ||    56
       Punch             ||     1
Throw: Throwing net      ||     2
 Cast: Summon Small Mamm ||    12
  Use: Potion            ||     2
       Scroll            ||     1
Armor: Robe              ||    23
Dodge: Dodged            ||    47
